 Dungeon Crawl Stone Soup version 0.30-a0-726-gd89dcf765f (webtiles) character file.

Game seed: 9135908720770901896

112 hbarley the Trooper (level 4, 0/35 HPs)
             Began as a Demonspawn Fighter on Jan 29, 2023.
             Slain by a jelly (2 damage)
             ... on level 3 of the Dungeon.
             The game lasted 00:04:53 (1589 turns).

hbarley the Trooper (Demonspawn Fighter)            Turns: 1589, Time: 00:04:54

Health: 0/35       AC:  0    Str: 18    XL:     4   Next: 64%
Magic:  4/4        EV:  5    Int:  9    God:
Gold:   83         SH:  4    Dex: 13    Spells: 3/3 levels left

rFire   . . .      SeeInvis .    a - +0 war axe
rCold   . . .      Faith    .    c - +0 buckler
rNeg    . . .      Spirit   .    x - +0 plate armour
rPois   .          Reflect  .    (no helmet)
rElec   .          Harm     .    (no cloak)
rCorr   .          Rampage  .    (no gloves)
Will    +....                    (no boots) Stlth
                                 (no amulet)
HPRegen 0.25/turn                r - ring of willpower
MPRegen 0.09/turn                (no ring)

@: corroded
A: claws 1, sharp scales 1, demonic magic 1
a: no special abilities


You were on level 3 of the Dungeon.
You visited 1 branch of the dungeon, and saw 3 of its levels.

You collected 83 gold pieces.

Inventory:

Hand Weapons
 a - a +0 war axe (weapon)
 e - a +1 mace of holy wrath
Armour
 b - a +0 scale mail
 c - a +0 buckler (worn)
 u - an orb of mayhem
 x - a +0 plate armour (worn)
Jewellery
 r - a ring of willpower (left claw)
Scrolls
 h - 2 scrolls of vulnerability {unknown}
 i - 3 scrolls of amnesia {unknown}
 j - 2 scrolls of fear {unknown}
 l - 2 scrolls of immolation {unknown}
 n - a scroll of fog {unknown}
 q - 3 scrolls of identify {unknown}
 s - a scroll of poison {unknown}
 t - a scroll of butterflies {unknown}
 v - 2 scrolls of blinking {unknown}
 y - a scroll of magic mapping {unknown}
Potions
 d - a potion of might
 f - a potion of berserk rage {unknown}
 g - 2 potions of lignification {unknown}
 k - 3 potions of degeneration {unknown}
 m - a potion of curing {unknown}
 o - 5 potions of attraction {unknown}
 p - a potion of heal wounds {unknown}
 w - a potion of resistance {unknown}
 z - a potion of brilliance {unknown}


   Skills:
 + Level 3.4 Fighting
 + Level 3.1 Axes
 + Level 3.4 Armour
 + Level 0.7 Dodging
 + Level 0.1 Stealth
 + Level 3.0 Shields


You had 3 spell levels left.
You didn't know any spells.
Your spell library contained the following spells:

 Spells                   Type           Power      Damage    Failure   Level
 Magic Dart               Conj           0%         1d3       100%        1
 Sting                    Tmut/Pois      0%         1d3       100%        1
 Call Imp                 Summ           0%         N/A       100%        2
 Poisonous Vapours        Pois/Air       0%         N/A       100%        2
 Mephitic Cloud           Conj/Pois/Air  0%         N/A       100%        3
 Olgreb's Toxic Radiance  Pois           0%         N/A       100%        4


Dungeon Overview and Level Annotations

Branches:
Dungeon (3/15)

Altars:
Dithmenos


Innate Abilities, Weirdness & Mutations

You have sharp fingernails.
You are partially covered in razor-sharp scales. (AC +1, Slay +1)
Spells you cast may paralyse adjacent enemies.


Message History

The endoplasm hits you but does no damage.
You slash the endoplasm!
You kill the endoplasm!
The endoplasm freezes you.
You are frozen.
You slash the endoplasm!
You kill the endoplasm!
A jelly comes into view.
Found a bat skeleton and a goblin skeleton.
The jelly barely misses you.
A jelly comes into view.
An endoplasm comes into view.
The jelly quivers.
You slash the jelly! The acid corrodes you!
Your claws burn!
The jelly is severely wounded.
The jelly hits you but does no damage. The jelly hits you.
You are splashed with acid!
You hit the jelly. The acid corrodes you!
Your claws burn!
The jelly is almost dead.
You block the jelly's attack.
You hit the jelly.
Your claws burn!
The jelly is almost dead.
The jelly hits you but does no damage.
You hit the jelly but do no damage.
Your claws burn!
The jelly is almost dead.
The jelly barely misses you.
Something hits the fungus.
The fungus begins to die.
The fungus is splashed with acid.
The jelly hits you.
You are splashed with acid!
The endoplasm hits the fungus.
You hit the jelly.
You kill the jelly!
The endoplasm hits the fungus.
Your Axes skill increases to level 3!
You slash the jelly!
Your claws burn!
The jelly is severely wounded.
The jelly jiggles.
The jelly hits you.
* * * LOW HITPOINT WARNING * * *
The acid corrodes you!
You are splashed with acid!
* * * LOW HITPOINT WARNING * * *
The endoplasm hits the fungus.
The jelly hits you.
You die...

#.#### ##### ##### #.#
#.### ### #.# ####...#
##.####### #.# .......#
#.#.#....######.#
####.###
#.#.#.....##.##.#
####(..#
#.#'#....).'.##(#
#....#.#
#)#.....)..'..#.#
#.####.#
#.#.....)).'....#
...<##.#
#@#.......##.##.#
######.#
P...÷PJ##......######.#
###.# ÷....J# ########
#.# #...# ###### #.#
#.####### #.# #.......#
#.# #######.# ..# ###
#.# ... #.#


You could see a jelly and an endoplasm.

Vanquished Creatures
  A hound (D:2)
  A jelly (D:3)
  A worm (D:2)
  A dart slug (D:1)
  5 ball pythons
  4 bats
  7 endoplasms
  4 goblins
  3 hobgoblins
  3 jackals (D:1)
  A quokka (D:1)
  A frilled lizard (D:1)
  8 kobolds
  8 rats
48 creatures vanquished.

Vanquished Creatures (others)
  4 fungi (D:3)
  8 toadstools (D:3)
12 creatures vanquished.

Grand Total: 60 creatures vanquished

Notes
Turn   | Place    | Note
-------+----------+-------------------------------------------
     0 | D:1      | hbarley the Demonspawn Fighter began the quest for the Orb.
     0 | D:1      | Reached XP level 1. HP: 18/18 MP: 1/1
   110 | D:1      | Gained mutation: You are partially covered in razor-sharp
                  | scales. (AC +1, Slay +1) [demonic ancestry]
   110 | D:1      | Reached XP level 2. HP: 1/24 MP: 2/2
   586 | D:2      | Gained mutation: Spells you cast may paralyse adjacent
                  | enemies. [demonic ancestry]
   586 | D:2      | Reached XP level 3. HP: 24/29 MP: 3/3
  1194 | D:2      | Gained mutation: You have sharp fingernails. [demonic
                  | ancestry]
  1194 | D:2      | Reached XP level 4. HP: 35/35 MP: 4/4
  1247 | D:3      | Found a shadowy altar of Dithmenos.
  1589 | D:3      | Slain by a jelly

Illustrated notes

Levels and vault maps discovered:
D:1:      amcnicky_arrival_choice, layout_rooms, serial_bayou_pond_e,
          hangedman_decor_opposing, minmay_statues_item
D:2:      layout_loops_ring
D:3:      cheibrodos_fertilizer, layout_basic, grunt_dithmenos_smoke,
          minmay_fractal_squares_5, uniq_natasha

Skill      XL: |  1  2  3  4 |
---------------+-------------+-----
Armour         | 3 |  3.4
Axes           | 2 3 |  3.1
Shields        | 3 |  3.0
Fighting       | |  3.4
Dodging        | |  0.7
Stealth        | |  0.1

Action                     |  1- 3 |  4- 6 || total
---------------------------+-------+-------++-------
  Melee: War axe           |   106 |    27 ||   133
 Armour: Scale mail        |    79 |       ||    79
         Plate armour      |     3 |    19 ||    22
  Dodge: Dodged            |    59 |     5 ||    64
  Block: Buckler           |    29 |     8 ||    37

Table legend: (Time is in decaauts)
 A = Elapsed time spent in this place.
 B = Non-inter-level travel time spent in this place.
 C = Inter-level travel time spent in this place.
 D = Time resting spent in this place.
 E = Time spent auto-exploring this place.
 F = Levels seen in this place.
 G = Mean time per level.
                   A        B        C        D        E       F      G
               +--------+--------+--------+--------+--------+-----+--------+
         Total |   1646 |   1541 |    105 |    224 |    936 |   3 |  548.7 |
       Dungeon |   1646 |   1541 |    105 |    224 |    936 |   3 |  548.7 |
               +--------+--------+--------+--------+--------+-----+--------+

Top non-repeatable levels by time:
     D:2: 680 daAuts
     D:1: 613 daAuts
     D:3: 352 daAuts
